 Dungeon Crawl Stone Soup version 0.30.1 (webtiles) character file.

Game seed: 2980099660898604022

1507 Arctor the Insei (level 8, -6/81 HPs)
             Began as an Octopode Transmuter on July 7, 2023.
             Was a Follower of Sif Muna.
             Mangled by an orc warrior
             ... wielding a +0 long sword
              (7 damage)
             ... on level 6 of the Dungeon.
             The game lasted 00:22:09 (9040 turns).

Arctor the Insei (Octopode Transmuter)              Turns: 9040, Time: 00:22:10

Health: -6/81      AC: 24    Str: 16    XL:     8   Next: 82%
Magic:  14/14      EV:  2    Int: 17    God:    Sif Muna [*.....]
Gold:   375        SH:  0    Dex: 12    Spells: 7/15 levels left

rFire   . . .        o - +3 spear (heavy)
rCold   . . .        (no shield)
rNeg    + . .        (helmet currently unavailable)
rPois   +            t - amulet of the acrobat
rElec   .            w - ring of positive energy
rCorr   .            e - ring of Bihum {EV+5 Str+6}
SInv    .            (no ring)
Will    .....        (no ring)
Stlth   ++           (no ring)
HPRegen 0.33/turn    (no ring)
MPRegen 0.14/turn    (no ring)
                     (no ring)

%: acrobat
@: lethally poisoned (-6 -> -12), tree-form
A: stationary, stasis, torment immunity, boosted hp, almost no armour,
(amphibious), 8 rings, (camouflage 1), (gelatinous body 1), (nimble swimmer 1),
(tentacles)
a: Renounce Religion, Channel Magic


You were on level 6 of the Dungeon.
You worshipped Sif Muna.
Sif Muna was aware of your devotion.
You were a tree.
You visited 2 branches of the dungeon, and saw 10 of its levels.

You collected 375 gold pieces.

Inventory:

Hand Weapons
 o - a +3 heavy spear (weapon)
Missiles
 c - 9 boomerangs
 n - 6 javelins
Magical Staves
 f - a staff of poison
 g - a staff of air
Jewellery
 b - a ring of fire
 e - the ring of Bihum (right branch) {EV+5 Str+6}
   (You acquired it on level 4 of the Dungeon)

   [ring of evasion]

   EV:        It affects your evasion (+5).
   Str:       It affects your strength (+6).
 t - an amulet of the acrobat (around neck)
 w - a ring of positive energy (left branch)
 x - an amulet of magic regeneration
Wands
 A - a wand of flame (18)
Scrolls
 l - a scroll of vulnerability
 q - 3 scrolls of noise
 r - a scroll of identify
Potions
 a - a potion of lignification
 d - a potion of curing
 h - 2 potions of brilliance
 j - 2 potions of attraction
 m - a potion of magic {unknown}
 p - a potion of cancellation {unknown}
 z - 2 potions of might {unknown}


   Skills:
 + Level 4.2 Fighting
 + Level 4.7 Dodging
 - Level 3.0 Stealth
 + Level 5.3 Unarmed Combat
 + Level 4.2 Spellcasting
 + Level 4.6 Transmutations
 + Level 3.1 Ice Magic
 - Level 2.0 Poison Magic


You had 7 spell levels left.
You knew the following spells:

 Your Spells              Type           Power      Damage    Failure   Level
a - Beastly Appendage     Tmut           38%        N/A       2%          1
b - Spider Form           Tmut/Pois      14%        N/A       12%         3
c - Ice Form              Ice/Tmut       16%        N/A       30%         4

Your spell library contained the following spells:

 Spells                   Type           Power      Damage    Failure   Level
 Wereblood                Tmut           19%        N/A       3%          2
 Passwall                 Tmut/Erth      9%         N/A       9%          2
 Foxfire                  Conj/Fire      12%        2x1d4     16%         1
 Sandblast                Erth           6%         2d5       16%         1
 Inner Flame              Hex/Fire       3%         N/A       43%         3
 Stone Arrow              Conj/Erth      6%         3d7       43%         3
 Volatile Blastmotes      Fire/Tloc      6%         2d10      43%         3
 Fulminant Prism          Conj/Hex       1%         3d5       83%         4
 Iskenderun's Mystic Bla  Conj/Tloc      3%         2d3       83%         4
 Yara's Violent Unravell  Hex/Tmut       5%         3d4       86%         5
 Fireball                 Conj/Fire      1%         3d3       99%         5
 Lee's Rapid Deconstruct  Erth           1%         3d4*      99%         5
 Plasma Beam              Fire/Air       1%         2x1d12    100%        6
 Starburst                Conj/Fire      1%         6d3       100%        6
 Enfeeble                 Hex            1%         N/A       100%        7


Dungeon Overview and Level Annotations

Branches:
Dungeon (9/15)             Temple (1/1) D:4
   Lair: D:8-11         Orc: D:9-12

Altars:
Ashenzari
Cheibriados
Elyvilon
Fedhas
Gozag
Hepliaklqana
Makhleb
Qazlal
Ru
Sif Muna
Trog
Uskayaw
Vehumet
Wu Jian
Xom
Yredelemnul
Zin
The Shining One

Shops:
D:2 :   D:4 =(?((


Innate Abilities, Weirdness & Mutations

You are a tree.
Your roots penetrate the ground, keeping you stationary.
You cannot be teleported.
You are immune to unholy pain and torment.
Your maximum health is greatly increased.
You cannot wear most types of armour.
((You are amphibious.))
You can wear up to eight rings at the same time.
((Your skin changes colour to match your surroundings (Stealth+).))
((Your rubbery body absorbs attacks. (AC +1, EV +1)))
((You are camouflaged when in or above water. (Stealth+)))
((You have tentacles for arms and can constrict up to eight enemies at once.))


Message History

The orc warrior shoots a bolt.
The bolt closely misses you.
You reach to attack!
You closely miss the orc wizard.
You reach to attack!
You closely miss the orc warrior.
The orc warrior unwields a +0 arbalest.
The orc warrior wields a +0 long sword.
The orc warrior hits you with a +0 long sword!!
You closely miss the orc warrior. You grab the orc warrior.
You squeeze the orc warrior.
The orc warrior is lightly wounded.
You constrict the orc warrior, but do no damage.
The orc warrior barely misses you. The orc wizard misses you.
You hit the orc warrior.
The orc warrior is lightly wounded.
You constrict the orc warrior, but do no damage.
The orc warrior hits you with a +0 long sword!
The orc wizard casts a spell at you. The magic dart hits you.
The orc warrior hits you with a +0 long sword!
* * * LOW HITPOINT WARNING * * *
Really quaff the potion of lignification?
You turn into a tree.
Your roots penetrate the ground.
You lose your grip on the orc warrior.
The orc wizard hits you but does no damage.
The orc warrior hits you with a +0 long sword.
* * * LOW HITPOINT WARNING * * *
Casting: Spider Form (dangerous; 12% risk of failure)
Confirm with . or Enter, or press ? or * to list all spells.
You don't know that spell.
You cannot move.
You hit the orc warrior but do no damage.
The orc warrior is lightly wounded.
The orc wizard hits you but does no damage.
The orc warrior hits you but does no damage.
The orc wizard hits you but does no damage.
You are lethally poisoned!
You puncture the orc wizard!
The orc wizard is severely wounded.
* * * LOW HITPOINT WARNING * * *
You feel very sick.
The orc warrior hits you with a +0 long sword!
You die...

..$.##...........≈....).)≈..#
.........≈≈≈≈≈≈≈≈≈..#
.................).)## .
#..................).# ..
........####.....### ...
......# #.....# ....####..).#
##.....# ...
.....#...#.###.....#### ...
#.....♣o##.....)...### ...
###.#..o.............## ... .
#..#####.............# ...
.... #...#####...........##
!..
.....#..###.##............#
... #.....#...............##
... .#...................#.#
...
.......................###
..? .
................)##.....#


You could see an orc warrior and an orc wizard.

Vanquished Creatures
  An ice beast (D:8)
  2 black bears (D:6)
  2 centaurs (D:7)
  A kobold brigand (D:6)
  A gnoll sergeant (D:5)
  3 scorpions
  A hound (D:5)
  A jelly (D:5)
  3 orc priests (D:6)
  A gnoll bouda (D:6)
  A sleepcap (D:6)
  An iguana (D:5)
  2 orc wizards (D:5)
  29 gnolls
  9 adders
  An ufetubus (D:5)
  A worm (D:3)
  5 dart slugs
  21 orcs
  6 ball pythons
  9 endoplasms
  4 goblins
  5 hobgoblins
  11 kobolds
  4 quokkas
  4 bats
  3 frilled lizards
  6 rats
138 creatures vanquished.

Notes
Turn   | Place    | Note
-------+----------+-------------------------------------------
     0 | D:1      | Arctor the Octopode Transmuter began the quest for the Orb.
     0 | D:1      | Reached XP level 1. HP: 13/13 MP: 3/3
    87 | D:1      | Reached XP level 2. HP: 18/18 MP: 3/5
   833 | D:1      | Reached XP level 3. HP: 17/23 MP: 4/6
  1363 | D:2      | Learned a level 3 spell: Spider Form
  1478 | D:2      | Reached skill level 1 in Stealth
  1515 | D:2      | Found Soghenk's Book Boutique.
  2240 | D:3      | Reached XP level 4. HP: 15/29 MP: 0/7
  3227 | D:3      | Reached XP level 5. HP: 29/34 MP: 4/8
  3275 | D:3      | Reached skill level 1 in Poison Magic
  3867 | D:3      | Learned a level 4 spell: Ice Form
  4779 | D:3      | Reached XP level 6. HP: 39/39 MP: 4/10
  5127 | D:3      | Found a glowing silver altar of Zin.
  5177 | D:4      | Found Koengyoh's Jewellery Boutique.
  5215 | D:4      | Found a staircase to the Ecumenical Temple.
  5251 | Temple   | Entered the Ecumenical Temple
  5557 | Temple   | Became a worshipper of Makhleb the Destroyer
  5706 | D:4      | Found Xirejim's Antique Weapon Emporium.
  5841 | D:4      | Found Romio's Weapon Emporium.
  5896 | D:4      | Reached skill level 4 in Unarmed Combat
  5959 | D:4      | Found Zehuimis's Weapon Shop.
  6030 | D:4      | Found Nocut's Magic Scroll Shop.
  6276 | D:4      | Found a radiant altar of Vehumet.
  6357 | D:4      | Found a blossoming altar of Fedhas.
  6395 | D:4      | Identified a scroll of acquirement
  6397 | D:4      | Acquired the ring of Bihum {EV+5 Str+6}
  6413 | D:5      | Entered Level 5 of the Dungeon
  6440 | D:4      | Reached XP level 7. HP: 43/45 MP: 7/11
  6453 | D:5      | Reached skill level 1 in Ice Magic
  6771 | D:5      | Found an opulent altar of Gozag.
  6771 | D:5      | Found a snail-covered altar of Cheibriados.
  7329 | D:6      | You fall into a shaft and drop 3 floors!
  7344 | D:9      | Noticed a vampire mosquito
  7400 | D:8      | Found a shimmering blue altar of Sif Muna.
  7403 | D:8      | Fell from the grace of Makhleb
  7403 | D:8      | Became a worshipper of Sif Muna the Loreminder
  7674 | D:8      | Noticed a yak
  7789 | D:8      | Noticed a steam dragon
  7868 | D:7      | Reached XP level 8. HP: 47/52 MP: 9/13
  7903 | D:6      | Found a sacrificial altar of Ru.
  8279 | D:6      | Reached skill level 5 in Unarmed Combat
  8927 | D:6      | Reached * piety under Sif Muna
  9038 | D:6      | HP: 4/81 [orc warrior/+0 long sword (6)]
  9040 | D:6      | HP: 1/81 [poisoned by an orc wizard]
  9040 | D:6      | Mangled by an orc warrior

Illustrated notes

Levels and vault maps discovered:
D:1:      tarquinn_simple_flora_water_d, layout_loops_ring, serial_forest,
          infiniplex_forest_end_3, infiniplex_forest_corner_1,
          infiniplex_forest_clump_small, infiniplex_forest_end_3,
          infiniplex_forest_side_room, infiniplex_forest_end_3,
          infiniplex_forest_straight_2, infiniplex_forest_clump_C,
          infiniplex_forest_lined_room_2, hex_medium
D:2:      layout_basic, serial_shops,
          nicolae_shop_temple_entry_statues_fountains, minmay_bisected
D:3:      layout_basic, zin_statuary, serial_corexii_hall,
          chequers_hall_statues_corner_a, corexii_hall_statues_s,
          corexii_hall_statues_l, corexii_hall_statues_t,
          minmay_misc_feat_enclosed, minmay_statues_item
D:4:      layout_rooms, fedhas_altar_4, nicolae_vehumet_altar_sigil,
          minmay_temple_entry_crystal_x, serial_shops, shop,
          nicolae_shop_pleasant_corner_grove, shop, nicolae_inconvenience_store,
          shop, minivault_23, minmay_misc_feat_pillars
D:5:      layout_loops_ring, chequers_temple_overflow_statue_of_worship
D:6:      layout_cave_pools, okawaru_altar_gauntlet_db,
          mainiacjoe_overflow_concentric_impassable, nicolae_grassy_gnolls
D:7:      layout_rooms
D:8:      layout_loops_corners, mainiacjoe_overflow_alcove_2,
          lemuel_blue_sif_altar
D:9:      layout_loops_ring, nemelex_spade_bored_becter,
          lemuel_zombie_altar_kikubaaqudgha, orc_0_dummy, enter_bailey_1,
          minmay_microvault, uniq_gastronok
Temple:   minmay_temple_curvy_loop

Skill      XL: |  1  2  3  4  5  6  7  8 |
---------------+-------------------------+-----
Stealth        | 1 2 3 |  3.0
Fighting       | 2 3 4 |  4.2
Poison Magic   | 1 2 |  2.0
Dodging        | 3 4 |  4.7
Transmutations | 3 4 |  4.6
Unarmed Combat | 4 5 |  5.3
Spellcasting   | 3 4 |  4.2
Ice Magic      | 2 3 |  3.1

Action                     |  1- 3 |  4- 6 |  7- 9 || total
---------------------------+-------+-------+-------++-------
  Melee: Unarmed           |    68 |   144 |   110 ||   322
         Kick              |    23 |    28 |     7 ||    58
         Constrict         |    15 |    26 |    12 ||    53
         Tentacles         |     8 |    22 |    21 ||    51
         Punch             |       |     3 |       ||     3
         Spear             |       |       |    51 ||    51
  Throw: Boomerang         |       |     1 |       ||     1
   Cast: Beastly Appendage |    51 |    37 |    13 ||   101
         Spider Form       |     1 |    10 |    11 ||    22
    Use: Scroll            |       |     6 |     8 ||    14
         Potion            |       |     1 |     3 ||     4
   Stab: Sleeping          |     9 |     2 |     5 ||    16
 Armour: Skin              |     2 |    10 |    15 ||    27
  Dodge: Dodged            |    39 |   148 |   226 ||   413
